Map: New Gettysburg LE

Players

KingTesla (Rob)

  • Race: Protoss Protoss
  • League: Grandmaster

RuFF - Winner!

  • Race: Terran Terran
  • League: Grandmaster

Event: Cheesadelphia Summer 2016

VOD

Have the link to the VOD?

Description

Time

  • Played on: July 23, 2016, 9:06 p.m.
  • Length: 11:56

All games in this series

Show
View Real Time Build Order
Export as new Build Order

KingTesla Protoss 

Build Orders: 1 Gate Expand 

Get SALT Encoding   

  12  0:00  Probe (Chrono Boost)  
  13  0:11  Probe (Chrono Boost)  
  14  0:18  Pylon  
  14  0:22  Probe (Chrono Boost)  
  15  0:36  Probe (Chrono Boost)  
  15  0:38  Gateway  
  16  0:47  Probe (Chrono Boost)  
  17  0:57  Probe (Chrono Boost)  
  18  1:08  Probe (Chrono Boost)  
  19  1:16  Nexus  
  19  1:19  Probe (Chrono Boost)  
  20  1:26  Assimilator  
  20  1:35  Cybernetics Core  
  20  1:38  Probe (Chrono Boost)  
  21  1:46  Pylon  
  21  1:49  Probe (Chrono Boost)  
  22  1:55  Assimilator  
  22  1:59  Probe (Chrono Boost)  
  23  2:08  Adept  
  23  2:11  Probe (Chrono Boost)  
  26  2:21  Warp Gate  
  27  2:23  Probe (Chrono Boost)  
  27  2:28  Probe (Chrono Boost)  
  28  2:35  Stalker  
  29  2:44  Probe (Chrono Boost)  
  31  2:51  Robotics Facility  
  31  2:54  Probe (Chrono Boost)  
  32  3:05  Probe (Chrono Boost)  
  32  3:20  Probe (Chrono Boost)  
  33  3:31  Gateway  
  33  3:36  Observer  
  33  3:40  Mothership Core (Chrono Boost)  
  37  3:42  Probe (Chrono Boost)  
  36  3:53  Gateway  
  36  3:54  Probe (Chrono Boost)  
  37  3:59  Probe (Chrono Boost)  
  38  4:04  Probe (Chrono Boost)  
  38  4:07  Pylon  
  40  4:11  Probe (Chrono Boost)  
  40  4:14  Immortal  
  40  4:16  Probe (Chrono Boost)  
  45  4:22  Probe (Chrono Boost), Pylon  
  46  4:27  Probe (Chrono Boost)  
  47  4:33  Probe (Chrono Boost), Stalker  
  47  4:37  Stalker  
  52  4:39  Probe (Chrono Boost)  
  52  4:42  Pylon  
  54  4:45  Probe (Chrono Boost)  
  46  5:04  Stalker x2  
  46  5:05  Probe (Chrono Boost)  
  46  5:06  Probe (Chrono Boost)  
  52  5:12  Observer  
  52  5:16  Probe (Chrono Boost)  
  52  5:18  Probe (Chrono Boost)  
  55  5:21  Twilight Council  
  55  5:26  Probe (Chrono Boost)  
  57  5:28  Pylon  
  57  5:30  Probe (Chrono Boost)  
  57  5:34  Stalker x2  
  61  5:37  Probe (Chrono Boost)  
  62  5:43  Probe (Chrono Boost)  
  62  5:48  Probe (Chrono Boost)  
  63  5:50  Observer, Assimilator x2  
  63  5:52  Forge  
  64  5:58  Probe (Chrono Boost)  
  65  6:10  Stalker x3  
  71  6:11  Probe (Chrono Boost)  
  71  6:13  Probe (Chrono Boost)  
  71  6:16  Blink  
  73  6:22  Probe (Chrono Boost), Pylon  
  73  6:25  Probe (Chrono Boost)  
  75  6:33  Protoss Ground Weapons Level 1  
  75  6:47  Nexus  
  75  6:48  Stalker x2  
  75  6:50  Stalker  
  81  7:06  Gateway  
  81  7:07  Gateway, Nexus  
  81  7:12  Immortal  
  85  7:18  Adept  
  79  7:31  Adept  
  79  7:32  Adept  
  73  7:37  Probe (Chrono Boost)  
  73  7:38  Probe (Chrono Boost)  
  68  7:48  Probe (Chrono Boost)  
  68  7:51  Probe (Chrono Boost)  
  70  8:00  Probe (Chrono Boost)  
  70  8:01  Robotics Bay  
  70  8:02  Probe (Chrono Boost)  
  72  8:10  Probe (Chrono Boost)  
  72  8:12  Probe (Chrono Boost)  
  74  8:13  Adept x3  
  80  8:20  Probe (Chrono Boost)  
  80  8:21  Probe (Chrono Boost)  
  80  8:23  Probe (Chrono Boost)  
  83  8:31  Probe (Chrono Boost)  
  83  8:33  Probe (Chrono Boost)  
  85  8:37  Adept x2  
  85  8:38  Pylon  
  85  8:39  Probe (Chrono Boost)  
  90  8:42  Probe (Chrono Boost)  
  91  8:51  Disruptor  
  91  8:52  Pylon  
  81  9:16  Gravitic Drive  
  81  9:18  Probe x2 (Chrono Boost)  
  81  9:19  Nexus  
  83  9:24  Warp Prism  
  83  9:30  Probe x2 (Chrono Boost)  
  87  9:42  Probe (Chrono Boost)  
  88  9:45  Resonating Glaives  
  88  9:46  Robotics Facility  
  84  9:54  Stalker x2  
  87  10:08  Stalker  
  87  10:09  Stalker x2  
  87  10:10  Pylon  
  87  10:12  Probe (Chrono Boost)  
  95  10:14  Probe (Chrono Boost)  
  95  10:15  Disruptor  
  98  10:25  Probe (Chrono Boost)  
  98  10:27  Probe (Chrono Boost)  
  100  10:33  Pylon  
  100  10:34  Probe (Chrono Boost)  
  101  10:37  Pylon  
  101  10:38  Probe (Chrono Boost)  
  101  10:40  Probe (Chrono Boost), Disruptor  
  106  10:51  Adept x3  
  82  11:14  Adept x5  
  67  11:20  Probe x2 (Chrono Boost)  
Show
View Real Time Build Order
Export as new Build Order

RuFF Terran - Winner!

Build Orders: MMM Bio 

Get SALT Encoding   

  12  0:00  SCV  
  13  0:13  SCV  
  14  0:20  Supply Depot  
  14  0:25  SCV  
  15  0:30  Refinery  
  15  0:41  SCV  
  16  0:45  Barracks  
  16  0:54  SCV  
  17  1:06  SCV  
  18  1:18  SCV  
  19  1:32  Factory  
  20  1:34  Orbital Command  
  20  1:35  Marine  
  20  1:41  Supply Depot  
  20  1:54  Barracks Tech Lab  
  20  2:00  SCV  
  21  2:12  Marine, SCV  
  23  2:20  Stimpack  
  23  2:24  SCV  
  24  2:34  Marine  
  24  2:37  Widow Mine  
  25  2:39  Command Center  
  25  2:42  Bunker  
  27  2:51  Marine  
  27  2:52  Refinery  
  28  3:05  Starport  
  28  3:09  Marine  
  30  3:20  SCV  
  30  3:22  Barracks  
  29  3:29  Marine  
  29  3:32  SCV  
  31  3:37  Supply Depot  
  31  3:44  SCV  
  31  3:45  Medivac  
  31  3:48  Marauder  
  36  3:56  SCV  
  36  3:58  Orbital Command  
  35  4:08  Barracks Reactor  
  35  4:12  Barracks  
  35  4:18  Starport Reactor  
  35  4:21  Orbital Command  
  35  4:26  Engineering Bay  
  35  4:29  Combat Shields  
  35  4:32  Marine  
  35  5:02  Marauder  
  35  5:03  SCV x2  
  35  5:05  Barracks Tech Lab, Marine x2  
  41  5:08  Medivac x2  
  45  5:15  Missile Turret, SCV  
  45  5:17  SCV  
  47  5:22  Terran Infantry Weapons Level 1  
  47  5:24  Marauder  
  47  5:26  Marine x3  
  47  5:27  SCV  
  53  5:30  SCV  
  54  5:39  SCV  
  54  5:42  SCV  
  56  5:43  Marine  
  56  5:48  Marauder x2  
  61  6:13  Marine  
  62  6:18  Supply Depot  
  62  6:19  Supply Depot x2  
  62  6:20  Supply Depot  
  62  6:21  Marauder x2, Marine, SCV x2  
  62  6:22  Factory  
  69  6:30  Marine  
  70  6:33  Command Center  
  70  6:40  Marine, SCV  
  70  6:44  Marine, Marauder  
  70  6:46  Medivac  
  77  6:48  Marine  
  77  6:53  Missile Turret  
  78  7:02  Marauder  
  78  7:05  Marauder  
  82  7:09  Marine  
  82  7:10  Marine  
  84  7:23  Marauder  
  84  7:27  Marauder  
  75  7:43  Marine x2  
  66  7:45  SCV, Marauder  
  66  7:46  Orbital Command, SCV  
  66  7:48  Marauder  
  72  7:51  Factory Reactor  
  72  7:53  Barracks  
  72  7:55  Barracks  
  72  7:56  Engineering Bay  
  72  7:58  Armory  
  72  8:00  Terran Infantry Armor Level 1  
  72  8:01  Marine x2  
  74  8:06  Marauder  
  74  8:09  Marine  
  77  8:17  SCV  
  78  8:20  Liberator, Concussive Shells  
  78  8:21  Marine  
  78  8:22  Marine  
  80  8:27  Marauder  
  80  8:28  Supply Depot, Marauder  
  80  8:29  SCV  
  80  8:30  Supply Depot, SCV  
  80  8:31  SCV  
  87  8:39  Marine x2  
  92  8:49  Marauder  
  92  8:53  Barracks Tech Lab x2, Marauder  
  80  9:10  Marauder  
  80  9:13  Marine x2, Marauder x2  
  80  9:14  Marauder  
  89  9:19  SCV, Refinery  
  89  9:20  Refinery, SCV x2  
  89  9:22  Missile Turret  
  92  9:29  Refinery  
  92  9:30  Refinery  
  92  9:31  Marine x2, Marauder  
  94  9:32  SCV x2  
  94  9:33  Marine  
  94  9:34  Marine  
  94  9:35  Marine  
  94  9:37  SCV  
  102  9:41  Missile Turret  
  102  9:43  Missile Turret  
  102  9:44  SCV  
  102  9:48  Marine x2  
  102  9:51  Marine x2  
  102  9:52  Marine  
  105  9:54  Marauder  
  108  10:00  Medivac x2  
  108  10:06  Marine x2  
  114  10:09  Marine  
  114  10:10  Marine, Marauder  
  118  10:15  Marine  
  118  10:17  SCV  
  120  10:22  SCV  
  120  10:24  Marine x2  
  120  10:27  Marine  
  120  10:28  Marine, SCV  
  125  10:30  Marine  
  125  10:33  Supply Depot x2, Marine  
  125  10:34  Supply Depot  
  128  10:35  Supply Depot  
  128  10:36  Supply Depot  
  128  10:42  Marine x2, Medivac  
  132  10:45  Marine  
  132  10:47  Marine, Medivac  
  133  10:54  Marine x2  
  135  11:00  Marine x2  
  135  11:03  Marauder  
  137  11:10  Marauder  
  127  11:12  Marauder  
  127  11:14  Marauder  
  128  11:22  Marine  
  129  11:25  Marauder  
  129  11:31  Marauder  
  129  11:34  Marauder  
Tags
 
Add a new tag
Caveats
  • Supply blocks, unpowered buildings, or Contaminate may cause inaccurate times.
  • Supply counts are checked every 10 seconds.